| TOP OF THE 1ST |
|
Minnesota Twins batting - Pitching for Toronto Blue Jays : RHP Tony Rios
|
|
Pitching: RHP Tony Rios
|
|
|
Batting: LHB Per Meulengracht
|
0-0: Called Strike 0-1: Called Strike 0-2: Strikes out looking
|
|
Batting: LHB Ryan Flynn Jr.
|
0-0: Ball 1-0: Called Strike 1-1: Foul Ball, location: 2F 1-2: Strikes out swinging
|
|
Batting: RHB Greg Harman
|
0-0: Ball 1-0: Called Strike 1-1: Foul Ball, location: 2F 1-2: Ball 2-2: Foul Ball, location: 2F 2-2: Strikes out looking
|
| Top of the 1st over - 0 runs, 0 hits, 0 errors, 0 left on base; Minnesota 0 - Toronto 0 |
| BOTTOM OF THE 1ST |
|
Toronto Blue Jays batting - Pitching for Minnesota Twins : RHP Ted Mosley
|
|
Pitching: RHP Ted Mosley
|
|
|
Batting: RHB Donny Burnside
|
0-0: Ground out 3-1 (Groundball, 34S, EV 79.4 MPH)
|
|
Batting: RHB C.J. Richerson
|
0-0: Ball 1-0: Foul Ball, location: 2F 1-1: Foul Ball, location: 2F 1-2: Ball 2-2: Strikes out looking
|
|
Batting: LHB Willis Robles
|
0-0: Ball 1-0: SINGLE (Groundball, 4MD, EV 107.5 MPH)
|
|
Batting: RHB Efrain Vargas
|
0-0: Called Strike Willis Robles steals 2nd base 0-1: Swinging Strike 0-2: Fly out, F8 (Flyball, 8RM, EV 83.1 MPH)
|
| Bottom of the 1st over - 0 runs, 1 hit, 0 errors, 1 left on base; Minnesota 0 - Toronto 0 |
| TOP OF THE 2ND |
|
Minnesota Twins batting - Pitching for Toronto Blue Jays : RHP Tony Rios
|
|
Batting: RHB Miguel Gonzalez
|
0-0: Called Strike 0-1: Foul Ball, location: 2F 0-2: Strikes out swinging
|
|
Batting: LHB Ricardo Batista
|
0-0: Ball 1-0: Ball 2-0: Called Strike 2-1: Ball 3-1: Foul Ball, location: 2F 3-2: Foul Ball, location: 2F 3-2: Strikes out swinging
|
|
Batting: RHB Will Leslie
|
0-0: Ball 1-0: Ball 2-0: Foul Ball, location: 2F 2-1: Called Strike 2-2: Fly out, F7 (Flyball, 7LS, EV 71.2 MPH)
|
| Top of the 2nd over - 0 runs, 0 hits, 0 errors, 0 left on base; Minnesota 0 - Toronto 0 |
| BOTTOM OF THE 2ND |
|
Toronto Blue Jays batting - Pitching for Minnesota Twins : RHP Ted Mosley
|
|
Batting: SHB Jason Woods
|
0-0: Foul Ball, location: 2F 0-1: Ball 1-1: Swinging Strike 1-2: SOLO HOME RUN (Flyball, 78XD, EV 113.1 MPH), Distance : 415 ft
|
|
Batting: SHB Dominik Hasek II
|
0-0: Ball 1-0: Ball 2-0: Ball 3-0: Called Strike 3-1: Ground out 6-3 (Groundball, 56, EV 89.4 MPH)
|
|
Batting: RHB Butch Kaiser
|
0-0: SINGLE (Groundball, 6MD, EV 95.6 MPH) (infield hit)
|
|
Batting: LHB Nate Dean
|
0-0: Called Strike 0-1: Ball 1-1: Foul Ball, location: 2F 1-2: SINGLE (Groundball, 34D, EV 94.4 MPH) Butch Kaiser to second Runner from 2nd tries for 3rd, SAFE, throw by RF made to third
|
|
Batting: RHB Brock Van Gilder
|
0-0: Ball 1-0: Called Strike 1-1: Ball 2-1: DOUBLE (Line Drive, 78D, EV 95.6 MPH) Butch Kaiser scores Nate Dean to third
|
|
Batting: RHB Donny Burnside
|
0-0: Ball 1-0: Called Strike 1-1: Ball 2-1: Ball 3-1: Base on Balls
|
|
Batting: RHB C.J. Richerson
|
0-0: Ball 1-0: Ball 2-0: Ball 3-0: Base on Balls Nate Dean scores Brock Van Gilder to third Donny Burnside to second
|
|
Batting: LHB Willis Robles
|
0-0: Swinging Strike 0-1: Ball 1-1: Called Strike 1-2: DOUBLE (Line Drive, 78XD, EV 105.0 MPH) Brock Van Gilder scores Donny Burnside scores C.J. Richerson to third Runner from 3rd tries for Home, SAFE, throw by LF to home
|
|
Pitching: RHP Scott Shank
|
|
|
Batting: RHB Efrain Vargas
|
0-0: Ball Willis Robles steals 3rd base 1-0: Called Strike 1-1: Called Strike 1-2: Foul Ball, location: 2F 1-2: Ground out 4-3 (Groundball, 4, EV 101.9 MPH) Willis Robles scores
|
|
Batting: SHB Jason Woods
|
0-0: Ball 1-0: Called Strike 1-1: Swinging Strike 1-2: Ball 2-2: Foul Ball, location: 2F 2-2: Ball 3-2: Strikes out swinging
|
| Bottom of the 2nd over - 7 runs, 5 hits, 0 errors, 0 left on base; Minnesota 0 - Toronto 7 |
| TOP OF THE 3RD |
|
Minnesota Twins batting - Pitching for Toronto Blue Jays : RHP Tony Rios
|
|
Batting: LHB Harris Vink
|
0-0: Ball 1-0: Ball 2-0: Called Strike 2-1: Foul Ball, location: 2F 2-2: Ball 3-2: Base on Balls
|
|
Batting: RHB Matt Dunn
|
0-0: Ball 1-0: Ball 2-0: Foul Ball, location: 2F 2-1: Fly out, F8 (Line Drive, 8LD, EV 88.8 MPH)
|
|
Batting: RHB Alex Sandoval
|
0-0: SINGLE (Groundball, 5D, EV 110.0 MPH) Harris Vink to second
|
|
Batting: LHB Per Meulengracht
|
0-0: Foul Ball, location: 2F 0-1: Ball 1-1: Foul Ball, location: 2F 1-2: Ball 2-2: Foul Ball, location: 2F 2-2: Foul Ball, location: 2F 2-2: Fly out, F9 (Line Drive, 9, EV 99.4 MPH)
|
|
Batting: LHB Ryan Flynn Jr.
|
0-0: Ball 1-0: Ball 2-0: Ball 3-0: Base on Balls Harris Vink to third Alex Sandoval to second
|
|
Batting: RHB Greg Harman
|
0-0: Foul Ball, location: 2F 0-1: Ball 1-1: Ball 2-1: Swinging Strike 2-2: SINGLE (Flyball, 8LS, EV 85.0 MPH) Harris Vink scores Alex Sandoval to third Ryan Flynn Jr. to second Runner from 3rd tries for Home, SAFE, throw by CF to home
|
|
Batting: RHB Miguel Gonzalez
|
0-0: Called Strike 0-1: DOUBLE (Line Drive, 7LS, EV 98.1 MPH) Ryan Flynn Jr. scores Greg Harman to third Runner from 3rd tries for Home, SAFE, throw by LF to home
|
|
Batting: LHB Ricardo Batista
|
0-0: Called Strike 0-1: Ball 1-1: Foul Ball, location: 2F 1-2: Ball 2-2: Strikes out looking
|
| Top of the 3rd over - 4 runs, 3 hits, 0 errors, 1 left on base; Minnesota 4 - Toronto 7 |
| BOTTOM OF THE 3RD |
|
Toronto Blue Jays batting - Pitching for Minnesota Twins : RHP Scott Shank
|
|
Batting: SHB Dominik Hasek II
|
0-0: Foul Ball, location: 2F 0-1: Called Strike 0-2: Ball 1-2: Ball 2-2: Fly out, F7 (Flyball, 7LM, EV 92.5 MPH)
|
|
Batting: RHB Butch Kaiser
|
0-0: Ball 1-0: Foul Ball, location: 2F 1-1: Foul Ball, location: 2F 1-2: Strikes out looking
|
|
Batting: LHB Nate Dean
|
0-0: Ball 1-0: Called Strike 1-1: Swinging Strike 1-2: Foul Ball, location: 2F 1-2: Strikes out looking
|
| Bottom of the 3rd over - 0 runs, 0 hits, 0 errors, 0 left on base; Minnesota 4 - Toronto 7 |
| TOP OF THE 4TH |
|
Minnesota Twins batting - Pitching for Toronto Blue Jays : RHP Tony Rios
|
|
Batting: RHB Will Leslie
|
0-0: Foul Ball, location: 2F 0-1: Fly out, F4 (Flyball, 4MD, EV 93.8 MPH)
|
|
Batting: LHB Harris Vink
|
0-0: Foul Ball, location: 2F 0-1: SINGLE (Line Drive, 89S, EV 93.1 MPH)
|
|
Batting: RHB Matt Dunn
|
0-0: Ball 1-0: Ball 2-0: Called Strike 2-1: Grounds into double play, 5-4-3 (Groundball, 56S, EV 80.6 MPH)
|
| Top of the 4th over - 0 runs, 1 hit, 0 errors, 0 left on base; Minnesota 4 - Toronto 7 |
| BOTTOM OF THE 4TH |
|
Toronto Blue Jays batting - Pitching for Minnesota Twins : RHP Scott Shank
|
|
Batting: RHB Brock Van Gilder
|
0-0: Called Strike 0-1: Ball 1-1: Ball 2-1: Ball 3-1: Base on Balls
|
|
Batting: RHB Donny Burnside
|
0-0: Ball 1-0: Ball 2-0: Sac Bunt to 3S - play at first, batter OUT! 3-4 Brock Van Gilder to second
|
|
Batting: RHB C.J. Richerson
|
0-0: Ball 1-0: Called Strike 1-1: Called Strike 1-2: Strikes out looking
|
|
Batting: LHB Willis Robles
|
0-0: Called Strike 0-1: Foul Ball, location: 2F 0-2: Strikes out swinging
|
| Bottom of the 4th over - 0 runs, 0 hits, 0 errors, 1 left on base; Minnesota 4 - Toronto 7 |
| TOP OF THE 5TH |
|
Minnesota Twins batting - Pitching for Toronto Blue Jays : RHP Tony Rios
|
|
Batting: RHB Alex Sandoval
|
0-0: Swinging Strike 0-1: Reached on error, E6 (Groundball, 6, EV 108.1 MPH)
|
|
Batting: LHB Per Meulengracht
|
0-0: Called Strike 0-1: Foul Ball, location: 2F 0-2: Ball 1-2: Ball 2-2: Ball 3-2: Fly out, F8 (Line Drive, 78M, EV 99.4 MPH)
|
|
Batting: LHB Ryan Flynn Jr.
|
0-0: Ball 1-0: Ball 2-0: Foul Ball, location: 2F 2-1: Swinging Strike 2-2: Grounds into double play, 6-4-3 (Groundball, 6, EV 101.9 MPH)
|
| Top of the 5th over - 0 runs, 0 hits, 1 error, 0 left on base; Minnesota 4 - Toronto 7 |
| BOTTOM OF THE 5TH |
|
Toronto Blue Jays batting - Pitching for Minnesota Twins : RHP Scott Shank
|
|
Batting: RHB Efrain Vargas
|
0-0: Ball 1-0: Foul Ball, location: 2F 1-1: Fly out, F8 (Flyball, 8LS, EV 91.9 MPH)
|
|
Batting: SHB Jason Woods
|
0-0: Ball 1-0: SINGLE (Groundball, 25, EV 71.9 MPH) (infield hit)
|
|
Batting: SHB Dominik Hasek II
|
0-0: Ball 1-0: Ball Wild Pitch! Jason Woods to second 2-0: Swinging Strike 2-1: Ball 3-1: Fly out, F7 (Flyball, 7LMF, EV 93.1 MPH)
|
|
Batting: RHB Butch Kaiser
|
0-0: Ball 1-0: SINGLE (Line Drive, 89S, EV 106.9 MPH) Jason Woods to third Runner from 3rd tries for Home, SAFE, throw by CF to home
|
|
Batting: LHB Nate Dean
|
0-0: Ball Butch Kaiser steals 2nd base (no throw) 1-0: Ball 2-0: Called Strike 2-1: Called Strike 2-2: Strikes out looking
|
| Bottom of the 5th over - 1 run, 2 hits, 0 errors, 1 left on base; Minnesota 4 - Toronto 8 |
| TOP OF THE 6TH |
|
Minnesota Twins batting - Pitching for Toronto Blue Jays : RHP Tony Rios
|
|
Batting: RHB Greg Harman
|
0-0: Ball 1-0: Swinging Strike 1-1: Ball 2-1: Foul Ball, location: 2F 2-2: Strikes out looking
|
|
Batting: RHB Miguel Gonzalez
|
0-0: Called Strike 0-1: Swinging Strike 0-2: Ball 1-2: Fly out, F9 (Flyball, 89M, EV 89.4 MPH)
|
|
Batting: LHB Ricardo Batista
|
0-0: Swinging Strike 0-1: Called Strike 0-2: Fly out, F4 (Line Drive, 34D, EV 60.6 MPH)
|
| Top of the 6th over - 0 runs, 0 hits, 0 errors, 0 left on base; Minnesota 4 - Toronto 8 |
| BOTTOM OF THE 6TH |
|
Toronto Blue Jays batting - Pitching for Minnesota Twins : RHP Scott Shank
|
|
Batting: RHB Brock Van Gilder
|
0-0: Foul Ball, location: 2F 0-1: Ball 1-1: Ball 2-1: Ball 3-1: Called Strike 3-2: Base on Balls
|
|
Pitching: RHP Tony Ramirez
|
|
|
Batting: RHB Donny Burnside
|
0-0: Ball 1-0: Ball 2-0: DOUBLE (Line Drive, 3D, EV 101.9 MPH) Brock Van Gilder to third Runner from 3rd tries for Home, SAFE, no throw by RF
|
|
Batting: RHB C.J. Richerson
|
0-0: Ball 1-0: Foul Ball, location: 2F 1-1: Swinging Strike 1-2: Strikes out swinging
|
|
Batting: LHB Willis Robles
|
0-0: Ball 1-0: Called Strike 1-1: Hit by Pitch
|
|
Batting: RHB Efrain Vargas
|
0-0: Called Strike 0-1: Called Strike 0-2: Foul Ball, location: 2F 0-2: Ball 1-2: Ball 2-2: Ground out 4-3 (Groundball, 4S, EV 75.0 MPH) Donny Burnside to third Willis Robles to second
|
|
Batting: SHB Jason Woods
|
0-0: Called Strike 0-1: Swinging Strike 0-2: Fly out, F2 (Popup, 2R, EV 91.9 MPH)
|
| Bottom of the 6th over - 1 run, 1 hit, 0 errors, 2 left on base; Minnesota 4 - Toronto 9 |
| TOP OF THE 7TH |
|
Minnesota Twins batting - Pitching for Toronto Blue Jays : RHP Tony Rios
|
|
Batting: RHB Will Leslie
|
0-0: Called Strike 0-1: Called Strike 0-2: Ball 1-2: Ball 2-2: Ball 3-2: Base on Balls
|
|
Pitching: RHP Justin Sedivy
|
|
|
Batting: LHB Harris Vink
|
0-0: Ball 1-0: Foul Ball, location: 2F 1-1: Called Strike 1-2: Ball 2-2: Fly out, F9 (Flyball, 89S, EV 95.0 MPH)
|
|
Batting: RHB Matt Dunn
|
0-0: Fly out, F9 (Line Drive, 9S, EV 106.2 MPH)
|
|
Now in RF: Danny Burnside
|
|
|
Batting: RHB Alex Sandoval
|
0-0: Ball 1-0: Ball 2-0: Ball 3-0: Called Strike 3-1: Swinging Strike 3-2: Strikes out swinging
|
| Top of the 7th over - 0 runs, 0 hits, 0 errors, 1 left on base; Minnesota 4 - Toronto 9 |
| BOTTOM OF THE 7TH |
|
Toronto Blue Jays batting - Pitching for Minnesota Twins : RHP Tony Ramirez
|
|
Batting: SHB Dominik Hasek II
|
0-0: Swinging Strike 0-1: Ball 1-1: Ball 2-1: Ball 3-1: Base on Balls
|
|
Batting: RHB Butch Kaiser
|
0-0: Ball Dominik Hasek II steals 2nd base 1-0: Foul Ball, location: 2F 1-1: Foul Ball, location: 2F 1-2: Ball 2-2: 2-RUN HOME RUN (Flyball, 89XD, EV 100.6 MPH), Distance : 407 ft
|
|
Batting: LHB Nate Dean
|
0-0: Reached on error, E6 (Groundball, 6, EV 81.2 MPH)
|
|
Pitching: RHP Gerbrand van de Bilt
|
|
|
Batting: RHB Brock Van Gilder
|
0-0: Ball 1-0: Ball 2-0: SINGLE (Line Drive, 34, EV 104.4 MPH) Nate Dean to third
|
|
Batting: RHB Donny Burnside
|
0-0: Called Strike Brock Van Gilder is caught stealing 2nd base 2-4 0-1: Foul Ball, location: 2F 0-2: Ball 1-2: Ground out 6-3 (Groundball, 6, EV 78.1 MPH) Nate Dean scores
|
|
Batting: RHB C.J. Richerson
|
0-0: Ball 1-0: Swinging Strike 1-1: Fly out, F8 (Flyball, 8RM, EV 88.1 MPH)
|
| Bottom of the 7th over - 3 runs, 2 hits, 1 error, 0 left on base; Minnesota 4 - Toronto 12 |
| TOP OF THE 8TH |
|
Minnesota Twins batting - Pitching for Toronto Blue Jays : RHP Justin Sedivy
|
|
Pinch Hitting: RHB Cyril Husson
|
0-0: Ball 1-0: Ball 2-0: Swinging Strike 2-1: Called Strike 2-2: Strikes out looking
|
|
Batting: LHB Ryan Flynn Jr.
|
0-0: Foul Ball, location: 2F 0-1: Ball 1-1: Fly out, F6 (Popup, 6, EV 70.0 MPH)
|
|
Batting: RHB Greg Harman
|
0-0: Swinging Strike 0-1: Foul Ball, location: 2F 0-2: Ball 1-2: Ball 2-2: Strikes out swinging
|
| Top of the 8th over - 0 runs, 0 hits, 0 errors, 0 left on base; Minnesota 4 - Toronto 12 |
| BOTTOM OF THE 8TH |
|
Toronto Blue Jays batting - Pitching for Minnesota Twins : RHP Gerbrand van de Bilt
|
|
Now in RF: Chaim Huting
|
|
|
Batting: LHB Willis Robles
|
0-0: Fly out, F3 (Popup, 34, EV 69.4 MPH)
|
|
Batting: RHB Efrain Vargas
|
0-0: SINGLE (Groundball, 25, EV 66.9 MPH) (infield hit)
|
|
Batting: RHB Danny Burnside
|
0-0: Foul Ball, location: 2F 0-1: Fielders Choice at 2nd, 6-4 (Groundball, 6, EV 85.6 MPH)
|
|
Batting: SHB Dominik Hasek II
|
0-0: Ball 1-0: Called Strike 1-1: Called Strike 1-2: Ball 2-2: Ball 3-2: Strikes out looking
|
| Bottom of the 8th over - 0 runs, 1 hit, 0 errors, 1 left on base; Minnesota 4 - Toronto 12 |
| TOP OF THE 9TH |
|
Minnesota Twins batting - Pitching for Toronto Blue Jays : RHP Justin Sedivy
|
|
Batting: RHB Miguel Gonzalez
|
0-0: Foul Ball, location: 2F 0-1: Called Strike 0-2: Ball 1-2: Ball 2-2: Foul Ball, location: 2F 2-2: Foul Ball, location: 2F 2-2: SINGLE (Line Drive, 6MD, EV 94.4 MPH)
|
|
Pitching: RHP John Brice
|
|
|
Batting: LHB Ricardo Batista
|
0-0: Called Strike 0-1: Foul Ball, location: 2F 0-2: Ball 1-2: Ball 2-2: Foul Ball, location: 2F 2-2: Grounds into double play, 4-6-3 (Groundball, 4, EV 80.6 MPH)
|
|
Batting: RHB Will Leslie
|
0-0: Called Strike 0-1: Ground out 6-3 (Groundball, 6, EV 79.4 MPH)
|
| Top of the 9th over - 0 runs, 1 hit, 0 errors, 0 left on base; Minnesota 4 - Toronto 12 |
|